 Dungeon Crawl Stone Soup version 0.29-a0-234-g0dae59b3db (webtiles) character file.

Game seed: 3247150955950954700

451 ReploidZero the Ruffian (level 6, -4/61 HPs)
             Began as a Troll Gladiator on Mar 2, 2022.
             Was an Initiate of Ru.
             Slain by Pikel
             ... wielding a +2 whip of freezing
              (7 damage)
             ... on level 4 of the Dungeon.
             The game lasted 00:07:07 (3633 turns).

ReploidZero the Ruffian (Troll Gladiator)           Turns: 3633, Time: 00:07:08

Health: -4/61      AC:  7    Str: 23    XL:     6   Next: 75%
Magic:  5/5        EV: 11    Int:  4    God:    Ru [......]
Gold:   167        SH:  0    Dex: 13    Spells: 5/5 levels left

rFire   . . .      SeeInvis .     - Unarmed
rCold   . . .      Faith    .   (no shield)
rNeg    . . .      Spirit   .   a - +0 robe
rPois   .          Reflect  .   b - +0 hat
rElec   .          Harm     .   k - +2 cloak
rCorr   .          Rampage  .   (gloves unavailable)
Will    .....                   (boots unavailable)
Stlth   +.........              (no amulet)
HPRegen 1.00/turn               (no ring)
MPRegen 0.09/turn               (no ring)

@: no status effects
A: large, unfitting armour, claws 3, regeneration 1, shaggy fur 1, tough skin 1
a: Renounce Religion


You were on level 4 of the Dungeon.
You worshipped Ru.
Ru was noncommittal.
You visited 1 branch of the dungeon, and saw 4 of its levels.

You collected 167 gold pieces.

Inventory:

Missiles
 c - 2 throwing nets (quivered)
 g - 5 poisoned darts
Armour
 a - a +0 robe (worn)
 b - a +0 hat (worn)
 k - a +2 cloak (worn)
Jewellery
 o - a ring of protection from fire
Wands
 p - a wand of digging (5)
Scrolls
 d - a scroll of acquirement {unknown}
 e - 2 scrolls of amnesia {unknown}
 f - 6 scrolls of identify {unknown}
 h - a scroll of fear {unknown}
 i - 4 scrolls of teleportation {unknown}
 l - a scroll of silence {unknown}
 m - a scroll of fog {unknown}
 n - 2 scrolls of magic mapping {unknown}
 q - 3 scrolls of enchant weapon {unknown}
 r - a scroll of immolation {unknown}
Potions
 j - a potion of cancellation
 s - a potion of curing {unknown}


   Skills:
 + Level 3.2 Fighting
 + Level 3.5 Throwing
 + Level 3.8 Dodging
 + Level 4.5 Unarmed Combat


You had 5 spell levels left.
You didn't know any spells.
Your spell library was empty.

Dungeon Overview and Level Annotations

Branches:
Dungeon (4/15)
 Temple: D:4-7

Altars:
Ashenzari
Elyvilon
Ru
Wu Jian

Annotations:
D:4 Pikel


Innate Abilities, Weirdness & Mutations

You are too large for most types of armour.
You have claws for hands.
Your natural rate of healing is unusually fast.
You are covered in fur. (AC +1)
You have tough skin. (AC +1)


Message History

Pikel completely misses you. The lemure hits you.
* * * LOW HITPOINT WARNING * * *
You scratch Pikel but do no damage.
Pikel is almost dead.
Pikel barely misses you. The lemure hits you but does no damage.
Unknown command.
You scratch Pikel but do no damage.
Pikel is almost dead.
Pikel completely misses you. The lemure closely misses you.
Unknown command.
You barely miss Pikel.
Pikel is almost dead.
Pikel misses you.
You closely miss Pikel. Your claw misses Pikel.
Pikel is almost dead.
The lemure hits you.
* * * LOW HITPOINT WARNING * * *
Pikel barely misses you.
You miss Pikel.
Pikel is almost dead.
The lemure hits you.
* * * LOW HITPOINT WARNING * * *
Pikel hits you but does no damage.
Unknown command.
You scratch Pikel but do no damage.
Pikel is almost dead.
The lemure closely misses you. Pikel misses you.
Unknown command.
Attack: -) Claws
Press: ? - help, Dir - move target, f - Pikel
Aim: Pikel, wielding a +2 whip of freezing and wearing a +0 robe (almost dead, about 44% to evade your claws)
Okay, then.
Unknown command.
Unknown command.
You closely miss Pikel.
Pikel is almost dead.
The lemure hits you.
* * * LOW HITPOINT WARNING * * *
Pikel hits you with a +2 whip of freezing!
You die...

...# ... #.# #.##.# ...#
#.####### #.# #.##.# .###
#.......# #.# #.##.# .#
#....♣.♣# #.# #.##.# .#
#.......# #.######.##.#
.#
#....♣.♣#♣###.#.......#.#
.#
#....5.....##.#.#######.#
.# #....♣.♣#♣5##.#.# #.#
## #......55K@..#.#.# #.#
###...♣5♣###.#.#.# #.#
#...... #.#.#.#######.#
##.##.# #.#.#.#.....#.#
#. #.# #.#.#.#.###.#.# #.
#.# #.#.#.#.#.#.#.# #.#
#.#.#.#...#.#.#
#.#.#.#...#.#.#
#.#.#.......#.#


You could see Pikel and 4 lemures.

Vanquished Creatures
  Edmund (D:4)
  A kobold brigand (D:4)
  A howler monkey (D:3)
  An orc wizard (D:3)
  7 adders
  4 gnolls (D:3)
  2 dart slugs
  8 orcs
  9 endoplasms
  7 giant cockroaches
  6 goblins
  7 hobgoblins
  2 jackals (D:1)
  3 quokkas
  9 ball pythons
  12 bats
  5 frilled lizards
  6 kobolds
  7 rats
98 creatures vanquished.

Vanquished Creatures (others)
  12 plants
12 creatures vanquished.

Grand Total: 110 creatures vanquished

Notes
Turn   | Place    | Note
-------+----------+-------------------------------------------
     0 | D:1      | ReploidZero the Troll Gladiator began the quest for the
                  | Orb.
     0 | D:1      | Reached XP level 1. HP: 19/19 MP: 0/0
   332 | D:1      | Reached XP level 2. HP: 28/28 MP: 1/1
   708 | D:1      | Reached XP level 3. HP: 29/35 MP: 2/2
  1134 | D:2      | Found a faded altar of an unknown god.
  1303 | D:2      | Reached XP level 4. HP: 42/42 MP: 3/3
  1756 | D:3      | Found a broken altar of Ashenzari.
  1873 | D:3      | Reached XP level 5. HP: 40/50 MP: 4/4
  2016 | D:3      | Reached skill level 4 in Unarmed Combat
  2072 | D:3      | Found a sacrificial altar of Ru.
  2073 | D:3      | Found an ornate altar of the Wu Jian Council.
  2125 | D:3      | Became a worshipper of Ru the Awakened
  2226 | D:3      | Found a white marble altar of Elyvilon.
  2847 | D:4      | Noticed a lemure
  2852 | D:4      | Noticed Pikel
  2852 | D:4      | Noticed a lemure
  2897 | D:4      | Noticed Edmund
  2932 | D:4      | Killed Edmund
  2933 | D:4      | Reached XP level 6. HP: 49/61 MP: 5/5
  3633 | D:4      | HP: 3/61 [lemure[Pikel] (4)]
  3633 | D:4      | Slain by Pikel

Illustrated notes

Levels and vault maps discovered:
D:1:      dpeg_arrival_tiny_d, layout_loops_corners
D:2:      layout_loops_ring, basic_ecumenical_altar, minmay_pentomino_q4
D:3:      layout_loops_corners, cheibrodos_ashenzari_chains,
          chequers_temple_overflow_statue_of_worship,
          nicolae_elyvilon_temple_path, kennysheep_generic_room_8
D:4:      layout_basic, serial_forest, infiniplex_forest_clump_cross,
          infiniplex_forest_clump_cross, infiniplex_forest_lined_3_way,
          infiniplex_forest_clump_tiny, infiniplex_forest_end_1,
          infiniplex_forest_straight_2, infiniplex_forest_corner_1,
          infiniplex_forest_lined_ring, uniq_pikel, uniq_edmund

Skill      XL: |  1  2  3  4  5 |
---------------+----------------+-----
Throwing       | 2 3 |  3.5
Fighting       | 2 3 |  3.2
Dodging        | 3 |  3.8
Unarmed Combat | 4 |  4.5

Action                   |  1- 3 |  4- 6 || total
-------------------------+-------+-------++-------
Melee: Unarmed           |   105 |   193 ||   298
       Punch             |     1 |     2 ||     3
Throw: Throwing net      |       |     1 ||     1
  Use: Potion            |       |     1 ||     1
 Stab: Sleeping          |     2 |     2 ||     4
       Held in net/web   |       |     2 ||     2
Armor: Robe              |    44 |    67 ||   111
Dodge: Dodged            |    59 |    97 ||   156

Table legend: (Time is in decaauts)
 A = Elapsed time spent in this place.
 B = Non-inter-level travel time spent in this place.
 C = Inter-level travel time spent in this place.
 D = Time resting spent in this place.
 E = Time spent auto-exploring this place.
 F = Levels seen in this place.
 G = Mean time per level.
                   A        B        C        D        E       F      G
               +--------+--------+--------+--------+--------+-----+--------+
         Total |   3612 |   3529 |     83 |      0 |   2793 |   4 |  903.0 |
       Dungeon |   3612 |   3529 |     83 |      0 |   2793 |   4 |  903.0 |
               +--------+--------+--------+--------+--------+-----+--------+

Top non-repeatable levels by time:
     D:4: 993 daAuts
     D:3: 988 daAuts
     D:1: 894 daAuts
     D:2: 736 daAuts
